 Dungeon Crawl Stone Soup version 0.17.0-28-g6e173f8 (webtiles) character file.

707 septik the Quickloader (level 7, -1/55 (56) HPs)
             Began as a Centaur Hunter on Nov 24, 2015.
             Was a Follower of Okawaru.
             Slain by a hound (2 damage)
             ... on level 5 of the Dungeon.
             The game lasted 00:13:14 (5227 turns).

septik the Quickloader (Centaur Hunter)             Turns: 5227, Time: 00:13:14

HP:   -1/55 (56)    AC: 10    Str: 14    XL:     7   Next: 39%
MP:   7/7           EV: 10    Int: 10    God:    Okawaru [*.....]
Gold: 105           SH:  0    Dex: 12    Spells: 0 memorised, 6 levels left

rFire  . . .     SeeInvis +     b - +0 short sword
rCold  . . .     Clarity  .     c - +0 leather armour
rNeg   . . .     SustAt   .     (no shield)
rPois  .         Gourm    .     h - +1 helmet
rElec  .         Spirit   .     D - +0 cloak
rCorr  .         Warding  .     m - +0 pair of gloves
rMut   .         Rnd*Tele +     (no barding)
MR     .....                    (no amulet)
Stlth  +.........               (no ring)
                                r - ring of see invisible

@: very quick, not resistant to hostile enchantments, very unstealthy
A: hooves 3, rugged brown scales 1, deformed body, speed 2, regeneration 1,
shaggy fur 1, teleportitis 1, tough skin 3, subdued magic 1
a: Heroism, Renounce Religion


You were on level 5 of the Dungeon.
You worshipped Okawaru.
Okawaru was aware of your devotion.
You were not hungry.

You visited 1 branch of the dungeon, and saw 5 of its levels.

You collected 175 gold pieces.
You spent 70 gold pieces at shops.

Inventory:

Hand Weapons
 a - a +1 hand crossbow
 b - a +0 short sword (weapon)
 v - a +0 hunting sling
Missiles
 d - 28 bolts
 i - 144 stones (quivered)
Armour
 c - a +0 leather armour (worn)
 h - a +1 helmet (worn)
 m - a +0 pair of gloves (worn)
 o - a +0 plate armour
 D - a +0 cloak (worn)
Jewellery
 l - an uncursed ring of teleportation
 r - a ring of see invisible (left hand)
 s - an uncursed amulet of regeneration {unknown}
 F - an uncursed ring of protection from fire {unknown}
Scrolls
 n - 2 scrolls of amnesia {unknown}
 w - a scroll of recharging {unknown}
 y - 3 scrolls of remove curse
 B - 3 scrolls of identify
 C - a scroll of random uselessness {unknown}
 E - 2 scrolls of magic mapping {unknown}
Potions
 g - a potion of flight
 j - a potion of might {unknown}
 k - 3 potions of curing {unknown}
 p - a potion of agility {unknown}
 t - a potion of poison {unknown}
 u - a potion of lignification {unknown}
 x - a potion of heal wounds {unknown}
 A - a potion of haste {unknown}
 G - a potion of brilliance {unknown}
Books
 q - a book of Death

   Spells                             Type                      Level
   a - Corpse Rot                     Necromancy                   2
   b - Sublimation of Blood           Necromancy                   2
   c - Agony                          Necromancy                   5
   d - Dispel Undead                  Necromancy                   5
   e - Excruciating Wounds            Charms/Necromancy            5
   f - Bolt of Draining               Conjuration/Necromancy       5
Comestibles
 e - 4 bread rations
 f - 2 slices of pizza
 z - 2 beef jerkies
 H - a meat ration


   Skills:
 - Level 2.2 Fighting
 - Level 0.3 Short Blades
 + Level 9.4 Crossbows
 - Level 0.7 Armour
 - Level 2.1 Dodging
 - Level 0.7 Stealth


You had 6 spell levels left.
You didn't know any spells.

Dungeon Overview and Level Annotations

Branches:
Dungeon (5/15)
 Temple: D:4-7

Altars:
Ashenzari
Dithmenos
Kikubaaqudgha
Okawaru
Vehumet
Yredelemnul
Zin

Shops:
D:5 !


Innate Abilities, Weirdness & Mutations

You have hooves in place of feet.
Armour fits poorly on your strangely shaped body.
You cover ground very quickly.
You have extremely tough skin (AC +3).
You are partially covered in rugged brown scales (AC +1, +3% HP).
Your natural rate of healing is unusually fast.
You are covered in fur (AC +1).
You are occasionally teleported to nearby monsters.
Your spells are a little easier to cast, but a little less powerful.


Message History

* * * LOW HITPOINT WARNING * * *
The hound barely misses you.
The centaur hits you but does no damage.
The hound bites you but does no damage.
You hit the centaur. You kick the centaur, but do no damage.
The centaur is moderately wounded.
The centaur closely misses you. The hound bites you but does no damage.
You hit the centaur.
The centaur is heavily wounded.
The centaur barely misses you. The hound bites you but does no damage.
The centaur hits you!
* * * LOW HITPOINT WARNING * * *
The hound bites you but does no damage.
Unknown command.
You barely miss the centaur. You kick the centaur, but do no damage.
The centaur is heavily wounded.
The centaur hits you.
* * * LOW HITPOINT WARNING * * *
The hound bites you.
You die...

#..................
#..................
#.∩.....###'#######
#.(.....# #.#
#.......# #.#
#...((..###+#
#............
#............
#.@..........
+.....hc..........
#.................
........####......
........# ......
#.......# ...$.
#.......# ..
.[......#


You could see a centaur and a hound.

Vanquished Creatures
  A necrophage (D:3)
  4 ogres (D:4)
  A scorpion (D:3)
  A centaur skeleton (D:4)
  Jessica (D:2)
  An orc wizard (D:3)
  2 worker ants
  2 adders (D:2)
  3 worms (D:3)
  2 giant geckos
  11 orcs
  2 ball pythons
  6 bats
  3 giant cockroaches
  8 goblins
  3 hobgoblins
  3 quokkas
  6 giant newts
  3 jackals (D:2)
  A jackal skeleton (D:4)
  7 kobolds
  A quokka zombie (D:5)
  5 rats
77 creatures vanquished.

Notes
Turn   | Place    | Note
--------------------------------------------------------------
     0 | D:1      | septik the Centaur Hunter began the quest for the Orb.
     0 | D:1      | Reached XP level 1. HP: 17/17 MP: 1/1
   431 | D:1      | Reached XP level 2. HP: 22/24 MP: 2/2
  1046 | D:2      | Found an ancient bone altar of Kikubaaqudgha.
  1115 | D:2      | Found a faded altar to an unknown god.
  1129 | D:2      | Reached skill level 5 in Crossbows
  1377 | D:2      | Reached XP level 3. HP: 26/29 MP: 3/3
  1608 | D:2      | Found a basalt altar of Yredelemnul.
  2003 | D:2      | Noticed Jessica
  2007 | D:2      | Killed Jessica
  2115 | D:3      | Reached XP level 4. HP: 29/36 MP: 4/4
  2141 | D:3      | Found a shattered altar of Ashenzari.
  2165 | D:3      | Noticed a necrophage
  2174 | D:3      | Killed a necrophage
  2174 | D:3      | Reached skill level 6 in Crossbows
  2174 | D:3      | Reached XP level 5. HP: 33/40 MP: 5/5
  2635 | D:3      | Found a shadowy altar of Dithmenos.
  3317 | D:4      | Noticed an ogre
  3595 | D:4      | Noticed an ogre
  3787 | D:3      | Reached skill level 7 in Crossbows
  3799 | D:3      | Reached XP level 6. HP: 10/47 MP: 6/6
  3996 | D:4      | Noticed an ogre
  4000 | D:4      | Killed an ogre
  4075 | D:4      | Found an iron altar of Okawaru.
  4096 | D:4      | Became a worshipper of Warmaster Okawaru
  4297 | D:4      | Noticed an ogre
  4319 | D:4      | Killed an ogre
  4319 | D:4      | Reached skill level 8 in Crossbows
  4372 | D:4      | Killed an ogre
  4372 | D:4      | Reached XP level 7. HP: 54/54 MP: 7/7
  4408 | D:4      | Killed an ogre
  4408 | D:4      | Reached * piety under Okawaru
  4408 | D:4      | Reached skill level 9 in Crossbows
  4621 | D:4      | Found a glowing silver altar of Zin.
  4795 | D:4      | Found a radiant altar of Vehumet.
  4830 | D:5      | Entered Level 5 of the Dungeon
  4886 | D:5      | HP: 2/54 [poisoned by a worker ant]
  5190 | D:5      | Found Savyar's Distillery.
  5202 | D:5      | Bought 2 potions of mutation for 70 gold pieces
  5202 | D:5      | Gained mutation: You are occasionally teleported to nearby monsters. [potion of mutation]
  5202 | D:5      | Gained mutation: Your natural rate of healing is unusually fast. [potion of mutation]
  5202 | D:5      | Gained mutation: You are partially covered in rugged brown scales (AC +1, +3% HP). [potion of mutation]
  5203 | D:5      | Gained mutation: Your spells are a little easier to cast, but a little less powerful. [potion of mutation]
  5203 | D:5      | Gained mutation: You are covered in fur (AC +1). [potion of mutation]
  5227 | D:5      | HP: 1/55 [centaur (5)]
  5227 | D:5      | Slain by a hound

Action                   |  1- 3 |  4- 6 |  7- 9 || total
-------------------------+-------+-------+-------++-------
Melee: Short sword       |   117 |   103 |    66 ||   286
       Unarmed           |     8 |       |       ||     8
 Fire: Hand crossbow     |     9 |    51 |    10 ||    70
       Hunting sling     |     2 |       |       ||     2
  Use: Scroll            |     1 |     5 |       ||     6
       Potion            |       |       |     2 ||     2
  Eat: Chunk             |     3 |     5 |     3 ||    11
